AoeStats
← PeterHustinov

Fortress

507478608Analyzed
4v4 RM · 13d ago on Sep 18, 2026· 93m 30s· 8 players
Game mode
Random Map
Map size
Huge
Population
200
Speed
Normal
Resources
Standard
Victory
Conquest
Starting age
Dark Age
Ending age
Imperial Age
RankedLock teamsTeams togetherTeam positionsShared explorationLock speedFull tech treeHidden civsTurbo modeCheats
Victory
Defeat
🇻🇳 Sicilians · Vietnam
1054
+15
🇪🇸 Teutons · Spain
1040
+16
🇪🇸 Malians · Spain
1019
+17
🇵🇱 Turks · Poland
1018
+17
🇦🇺 Koreans · Australia
1211
-23
🇦🇺 Ethiopians · Australia
1048
-17
🇦🇺 Magyars · Australia
1002
-15
🇦🇺 Franks · Australia
882
-30
chuquyen
2:17 Loom
2:53 Loom
7:54 Feudal Age
9:42 Wheelbarrow
13:36 Castle Age
11:32 Double-Bit Axe
13:05 Horse Collar
15:16 Bow Saw
15:55 Gold Mining
17:24 Heavy Plow
19:54 Stone Mining
22:08 Gold Shaft Mining
22:45 Stone Shaft Mining
24:48 Hand Cart
30:20 Imperial Age
28:08 Pikeman
28:49 Squires
28:51 Scale Mail Armor
30:43 Chain Mail Armor
30:50 Halberdier
33:37 Plate Mail Armor
33:19 Elite Serjeant
36:32 Forging
40:58 Iron Casting
44:14 Blast Furnace
45:09 Crop Rotation
44:41 Arson
49:24 Onager
51:04 Siege Onager
60:38 Heavy Scorpion
72:50 Padded Archer Armor
76:39 Fletching
81:43 Light Cavalry
82:34 Bloodlines
88:42 Scale Barding Armor
PeterHustinov
1:27 Loom
7:27 Feudal Age
8:35 Stone Mining
8:27 Horse Collar
8:34 Double-Bit Axe
11:06 Wheelbarrow
17:11 Castle Age
15:27 Bloodlines
16:13 Fletching
17:30 Scale Barding Armor
17:36 Forging
17:36 Gold Mining
19:21 Heavy Plow
19:34 Bow Saw
22:51 Hand Cart
22:39 Town Watch
23:15 Hand Cart
27:37 Iron Casting
27:35 Town Patrol
32:19 Imperial Age
30:38 Stone Shaft Mining
30:52 Scale Mail Armor
30:49 Bodkin Arrow
31:21 Ballistics
33:39 Crop Rotation
34:13 Chemistry
33:43 Conscription
33:46 Chain Mail Armor
34:36 Blast Furnace
35:16 Elite Teutonic Knight
35:38 Cavalier
39:59 Paladin
42:08 Chain Barding Armor
46:45 Plate Barding Armor
79:35 Pikeman
80:16 Squires
80:38 Halberdier
Trabuco
7:57 Feudal Age
7:49 Loom
11:58 Castle Age
10:57 Double-Bit Axe
14:16 Bow Saw
15:00 Stone Mining
19:33 Scale Mail Armor
19:28 Gold Mining
20:54 Forging
30:39 Imperial Age
30:28 Chain Mail Armor
31:08 Capped Ram
33:47 Conscription
35:18 Gold Shaft Mining
39:19 Pikeman
40:39 Iron Casting
40:44 Squires
49:10 Plate Mail Armor
53:21 Elite Skirmisher
57:54 Fletching
58:04 Padded Archer Armor
61:05 Chemistry
60:26 Ballistics
60:32 Bodkin Arrow
60:52 Leather Archer Armor
62:50 Leather Archer Armor
80:36 Scale Barding Armor
81:40 Farimba
82:15 Husbandry
84:05 Bloodlines
83:17 Heavy Camel Rider
84:36 Chain Barding Armor
85:43 Caravan
87:05 Plate Barding Armor
LLAW ON I
6:45 Feudal Age
8:00 Double-Bit Axe
7:57 Horse Collar
15:05 Castle Age
12:51 Loom
20:27 Imperial Age
18:33 Wheelbarrow
25:37 Bloodlines
31:19 Scale Barding Armor
36:45 Chain Barding Armor
38:27 Heavy Camel Rider
39:22 Forging
Longbro
8:24 Feudal Age
12:11 Castle Age
10:25 Double-Bit Axe
10:53 Horse Collar
14:44 Wheelbarrow
22:33 Hand Cart
25:36 Imperial Age
24:14 Fletching
24:49 Crossbowman
26:27 Bodkin Arrow
28:53 Bracer
29:11 Arbalester
31:14 Chemistry
30:35 Ballistics
31:17 Chemistry
35:30 Padded Archer Armor
35:31 Scale Mail Armor
35:42 Forging
35:48 Capped Ram
36:50 Masonry
41:12 Guilds
41:43 Conscription
41:02 Siege Ram
45:28 Caravan
47:04 Architecture
46:56 Leather Archer Armor
46:57 Chain Mail Armor
47:18 Iron Casting
46:49 Scale Barding Armor
46:59 Fortified Wall
46:44 Murder Holes
46:55 Siege Engineers
47:01 Careening
47:02 Clinker Construction
47:13 Shipwright
46:44 Guard Tower
46:45 Heated Shot
49:45 Coinage
59:27 Banking
58:38 Heavy Scorpion
71:33 Thumb Ring
72:40 Onager
78:35 Siege Onager
82:20 Loom
82:21 Town Watch
92:02 Elite Shotel Warrior
Arabian War Prince
4:12 Loom
8:53 Feudal Age
12:54 Castle Age
10:50 Loom
16:47 Double-Bit Axe
18:54 Scale Barding Armor
18:38 Horse Collar
25:19 Chain Barding Armor
27:30 Wheelbarrow
30:02 Corvinian Army
32:35 Imperial Age
30:23 Hand Cart
33:21 Elite Magyar Huszar
34:12 Heavy Plow
34:18 Gold Mining
35:43 Plate Barding Armor
44:37 Parthian Tactics
43:33 Heavy Cavalry Archer
44:19 Thumb Ring
45:57 Recurve Bow
48:54 Padded Archer Armor
48:45 Fletching
49:04 Caravan
53:12 Conscription
56:36 Crossbowman
59:18 Leather Archer Armor
58:58 Bodkin Arrow
66:53 Bodkin Arrow
Aussie War Prince
8:47 Feudal Age
12:27 Castle Age
10:20 Double-Bit Axe
11:06 Horse Collar
12:00 Loom
16:18 Fletching
16:46 Bow Saw
19:16 Bodkin Arrow
26:56 Gold Mining
31:04 Imperial Age
29:22 Gold Shaft Mining
29:47 Ballistics
29:46 Masonry
33:04 Chemistry
32:28 Bracer
33:10 Conscription
48:56 Pikeman
49:40 Squires
49:25 Arson
49:43 Scale Mail Armor
49:53 Forging
49:39 Halberdier
54:54 Two-Man Saw
55:24 Wheelbarrow
60:46 Hand Cart
62:13 Town Watch
62:40 Town Watch
68:13 Caravan
87:52 Elite Skirmisher
90:09 Thumb Ring
shorty.merza
8:56 Feudal Age
13:37 Castle Age
13:05 Double-Bit Axe
19:44 Bow Saw
24:24 Imperial Age
23:48 Forging
23:45 Husbandry
24:54 Cavalier
25:43 Scale Barding Armor
26:13 Iron Casting
28:47 Chain Barding Armor
29:28 Blast Furnace
29:15 Conscription
29:02 Chivalry
30:07 Conscription
31:07 Gold Mining
34:57 Plate Barding Armor
36:11 Gold Shaft Mining
36:32 Paladin
54:45 Caravan
Connection lost

Rejoining the realm…

Still unreachable

The connection could not be restored.

Session expired

The server has moved on; the page needs a fresh start.